Map: Incorporeal LE

Players

Lambo

  • Race: Zerg Zerg
  • Spawn Location: 5:00

ShoWTimE - Winner!

  • Race: Protoss Protoss
  • League: Grandmaster
  • Spawn Location: 11:00

Event: HomeStory Cup XXVII

VOD

Have the link to the VOD?

Description

Time

  • Played on: June 29, 2025, 6:43 a.m.
  • Length: 13:23

All games in this series

Show
View Real Time Build Order
Export as new Build Order

Lambo Zerg 

Build Orders: Hatch First 

Get SALT Encoding   

  12  0:00  Drone  
  13  0:08  Drone  
  14  0:14  Drone, Extractor  
  15  0:34  Hatchery  
  14  0:39  Extractor  
  14  0:40  Drone  
  15  0:47  Overlord  
  15  1:05  Drone x3  
  18  1:12  Spawning Pool  
  18  1:16  Drone  
  18  1:19  Extractor  
  17  1:26  Drone  
  18  1:38  Drone  
  19  1:46  Drone  
  20  1:48  Drone  
  21  1:56  Drone  
  21  1:58  Queen  
  21  1:59  Queen  
  26  2:03  Overlord  
  26  2:08  Zergling x2  
  27  2:10  Drone  
  28  2:22  Drone x2  
  30  2:23  Metabolic Boost  
  30  2:29  Drone  
  31  2:31  Drone  
  31  2:34  Queen  
  34  2:46  Hatchery  
  34  2:51  Overlord  
  33  2:54  Drone  
  33  2:55  Drone  
  35  2:59  Overlord  
  35  3:04  Zergling x2  
  36  3:09  Zergling x4  
  36  3:10  Drone x3  
  36  3:12  Drone  
  42  3:14  Drone  
  42  3:19  Drone x2  
  45  3:26  Queen  
  47  3:27  Drone  
  47  3:31  Drone  
  46  3:37  Spore Crawler  
  46  3:40  Drone x3  
  46  3:41  Drone  
  49  3:42  Drone  
  49  3:48  Queen  
  50  3:52  Overlord  
  52  3:56  Spore Crawler  
  52  3:57  Overlord  
  52  4:00  Drone  
  52  4:01  Drone  
  53  4:04  Drone  
  53  4:09  Drone x3  
  56  4:11  Overlord  
  56  4:14  Drone  
  57  4:17  Drone x3  
  57  4:21  Drone  
  61  4:26  Drone x3  
  61  4:29  Overlord  
  61  4:31  Drone x2  
  66  4:36  Lair  
  66  4:40  Drone x2  
  66  4:42  Drone  
  67  4:46  Roach Warren  
  67  4:47  Extractor  
  67  4:51  Drone x4  
  69  4:53  Drone x2  
  69  4:55  Zergling x2  
  72  5:01  Extractor  
  72  5:03  Drone x2, Hatchery  
  72  5:05  Drone, Evolution Chamber  
  72  5:06  Drone  
  73  5:07  Drone  
  73  5:11  Drone x3  
  75  5:15  Overlord  
  75  5:16  Drone  
  75  5:18  Extractor  
  74  5:23  Zergling x2  
  74  5:28  Zergling x18  
  84  5:30  Spore Crawler  
  84  5:31  Zerg Missile Weapons Level 1  
  84  5:33  Zergling x2  
  84  5:37  Glial Reconstitution  
  84  5:38  Drone  
  84  5:39  Drone  
  86  5:45  Drone  
  86  5:46  Queen  
  86  5:47  Queen  
  86  5:49  Drone  
  92  5:50  Extractor  
  92  5:52  Drone x2  
  92  5:53  Drone x2  
  92  5:55  Extractor  
  92  5:56  Drone  
  95  6:00  Overlord  
  95  6:01  Drone x2  
  95  6:02  Overlord  
  95  6:03  Overlord x2  
  97  6:08  Overlord  
  97  6:13  Spire  
  97  6:18  Drone x5  
  101  6:21  Roach x3  
  107  6:28  Extractor  
  107  6:29  Roach x5  
  107  6:30  Drone  
  117  6:33  Overseer  
  117  6:34  Extractor  
  117  6:36  Queen  
  117  6:38  Drone x3  
  121  6:43  Drone x5  
  125  6:48  Roach x3  
  140  6:54  Roach x4  
  140  6:55  Queen  
  138  7:03  Roach x3  
  138  7:05  Overlord x3  
  138  7:07  Ravager  
  138  7:20  Overlord x2  
  138  7:21  Overlord x2, Pneumatized Carapace  
  136  7:26  Roach x7  
  148  7:32  Spore Crawler  
  148  7:34  Roach x5  
  148  7:36  Overlord  
  157  7:39  Roach  
  159  7:52  Roach  
  159  7:53  Ravager x3, Roach x9  
  159  7:54  Ravager x3  
  159  7:55  Ravager x2  
  159  7:56  Ravager  
  188  8:00  Ravager x7  
  188  8:04  Ravager  
  188  8:05  Zergling x8  
  200  8:13  Overlord  
  192  8:30  Roach x4  
  167  8:35  Roach x14  
  180  8:44  Roach x8  
  180  8:47  Ravager x4  
  197  8:49  Queen  
  194  8:56  Roach x3  
  190  9:05  Roach x9  
  190  9:11  Roach x2  
  190  9:13  Roach x2  
  190  9:16  Ravager x3  
  190  9:18  Overlord x3  
  190  9:23  Overlord  
  188  9:35  Queen x3  
  188  9:38  Drone  
  179  9:39  Roach x5  
  179  9:41  Roach  
  176  9:46  Ravager x2  
  176  9:47  Ravager  
  176  9:48  Ravager  
  176  9:52  Zergling x20  
  188  9:58  Ravager x6  
  190  10:03  Zergling x16  
  190  10:04  Ravager x2  
  200  10:10  Roach x2  
  190  10:21  Ravager  
  190  10:22  Ravager x3  
  190  10:25  Zergling x12  
  198  10:32  Roach x5  
  195  10:35  Roach  
  195  10:36  Roach x2  
  195  10:37  Overlord  
  199  10:48  Roach x6  
  184  10:52  Roach x5  
  165  10:59  Roach x2  
  165  11:00  Roach  
  142  11:04  Zerg Missile Weapons Level 2  
  142  11:08  Roach x2  
  142  11:10  Queen  
  146  11:13  Zergling x18  
  146  11:17  Roach  
  154  11:22  Roach x2  
  154  11:24  Ravager x6  
  164  11:26  Hatchery  
  164  11:28  Overlord x2  
  164  11:31  Overlord x2  
  163  11:41  Hydralisk Den  
  163  11:42  Infestation Pit  
  163  11:45  Evolution Chamber  
  160  11:48  Roach x7  
  175  11:54  Roach x3  
  177  12:03  Roach x6  
  177  12:07  Drone x5  
  191  12:08  Extractor  
  191  12:11  Muscular Augments  
  191  12:12  Overseer  
  190  12:19  Drone x2  
  192  12:29  Spire  
  191  12:33  Extractor  
  190  12:39  Spore Crawler  
  190  12:40  Hydralisk  
  190  12:41  Hydralisk x5  
  184  12:45  Roach x2  
  184  12:47  Roach  
  184  12:50  Roach x2  
  181  12:53  Hydralisk x2  
  183  12:59  Hydralisk x2  
Show
View Real Time Build Order
Export as new Build Order

ShoWTimE Protoss - Winner!

Build Orders: 1 Gate Expand, Oracle Opening 

Get SALT Encoding   

  12  0:00  Probe  
  13  0:12  Probe  
  14  0:19  Pylon  
  14  0:24  Probe  
  15  0:34  Probe  
  15  0:40  Gateway  
  15  0:42  Probe  
  16  0:49  Assimilator  
  17  0:52  Probe  
  18  1:04  Probe  
  19  1:16  Probe  
  20  1:25  Nexus  
  20  1:35  Cybernetics Core  
  20  1:38  Probe  
  21  1:43  Assimilator  
  21  1:50  Probe  
  21  1:53  Pylon  
  22  2:01  Adept  
  22  2:02  Probe  
  23  2:10  Probe  
  26  2:18  Probe  
  27  2:23  Stargate  
  27  2:28  Probe  
  27  2:31  Adept  
  23  2:37  Warp Gate  
  30  2:38  Probe  
  30  2:40  Probe  
  32  2:50  Probe  
  33  2:53  Probe  
  34  2:59  Oracle  
  34  3:02  Probe  
  34  3:03  Adept  
  34  3:04  Pylon  
  34  3:05  Probe  
  41  3:14  Probe  
  41  3:17  Probe  
  43  3:26  Probe  
  44  3:29  Probe  
  44  3:33  Oracle  
  45  3:38  Probe  
  45  3:41  Probe  
  45  3:45  Nexus  
  46  3:48  Pylon  
  46  3:50  Probe  
  46  3:53  Probe  
  48  3:57  Gateway  
  48  4:02  Probe, Assimilator  
  49  4:10  Probe  
  49  4:12  Assimilator  
  49  4:14  Probe  
  51  4:17  Twilight Council  
  51  4:19  Forge  
  51  4:22  Probe  
  52  4:25  Adept  
  52  4:26  Probe  
  52  4:29  Pylon  
  55  4:33  Blink  
  55  4:34  Probe  
  56  4:39  Probe  
  56  4:44  Gateway  
  56  4:45  Gateway  
  57  4:46  Probe  
  57  4:50  Probe  
  57  4:51  Protoss Ground Weapons Level 1  
  59  4:57  Probe, Adept  
  59  4:58  Probe  
  59  4:59  Probe  
  62  5:00  Adept  
  62  5:05  Probe  
  62  5:06  Probe  
  66  5:11  Probe  
  69  5:15  Probe  
  69  5:16  Shield Battery  
  69  5:17  Probe  
  71  5:23  Probe  
  71  5:27  Gateway, Probe  
  73  5:28  Gateway  
  73  5:29  Probe  
  73  5:33  Gateway  
  73  5:35  Gateway, Probe  
  75  5:39  Probe  
  75  5:41  Pylon, Probe  
  77  5:47  Stalker x3  
  77  5:49  Probe  
  84  5:52  Probe  
  84  5:54  Pylon  
  84  5:56  Templar Archives  
  85  5:58  Assimilator  
  85  6:00  Pylon  
  85  6:03  Assimilator  
  85  6:06  Stalker  
  85  6:10  Pylon  
  87  6:21  Pylon  
  87  6:23  Robotics Facility  
  87  6:24  Stalker x5  
  97  6:25  Psionic Storm  
  97  6:26  Probe  
  97  6:27  Stalker  
  97  6:28  Charge  
  97  6:32  Photon Cannon  
  100  6:45  High Templar  
  100  6:46  High Templar  
  104  6:50  Stalker  
  106  7:11  High Templar x2  
  108  7:18  Warp Prism  
  104  7:27  Nexus  
  104  7:28  High Templar x2  
  108  7:33  Pylon, Photon Cannon  
  108  7:34  Photon Cannon  
  108  7:36  Zealot x4  
  116  7:37  Photon Cannon  
  116  7:41  Gateway  
  116  7:42  Pylon  
  116  7:43  Gateway  
  116  7:46  Protoss Ground Weapons Level 2  
  116  7:49  Observer  
  116  7:51  Photon Cannon  
  116  7:53  Photon Cannon, Zealot x2  
  116  7:56  Shield Battery  
  121  8:00  Zealot x5  
  121  8:03  Zealot  
  133  8:10  Pylon  
  133  8:12  Pylon  
  129  8:22  Stalker x5  
  133  8:29  Shield Battery  
  133  8:31  Immortal  
  133  8:32  Shield Battery  
  133  8:33  Stalker x3  
  128  8:35  Archon  
  122  8:48  Zealot x4  
  126  8:53  Stalker  
  132  8:58  Stalker x2  
  132  9:09  Zealot x4  
  134  9:12  Immortal  
  134  9:14  High Templar x3  
  136  9:29  Stalker x3  
  132  9:38  Stalker x3  
  132  9:44  High Templar  
  134  9:46  Archon  
  134  9:49  Stalker x3  
  134  9:51  Immortal  
  140  9:57  Stalker x3  
  146  10:05  High Templar x2  
  154  10:09  Photon Cannon  
  152  10:15  Archon  
  152  10:17  High Templar  
  152  10:18  Zealot x4  
  152  10:21  Immortal  
  160  10:33  Zealot x3  
  160  10:38  Zealot x2  
  164  10:49  Zealot  
  152  10:53  Immortal, Archon  
  152  10:55  Zealot x7  
  150  11:04  High Templar x2  
  150  11:10  Assimilator  
  154  11:13  Probe x2  
  154  11:14  Probe, Assimilator  
  153  11:29  Immortal, Zealot x7  
  171  11:35  Pylon  
  171  11:36  Pylon  
  171  11:54  High Templar x4  
  171  11:59  Zealot x2  
  171  12:00  Archon, Zealot x2  
  187  12:12  Fleet Beacon  
  187  12:13  Pylon  
  187  12:14  Pylon  
  187  12:31  Immortal  
  187  12:35  Pylon, Zealot x4  
  173  13:02  Zealot x8  
  189  13:12  Nexus  
  191  13:13  Pylon  
  191  13:18  Zealot x2  
Tags
 
Add a new tag
Caveats
  • Supply blocks, unpowered buildings, or Contaminate may cause inaccurate times.
  • Supply counts are checked every 10 seconds.